Rafales vs Thunder

Created - March 31, 2020 at 19:39

Goals
1 2 3 T
Rafales 1 4 1 6
Thunder 1 1 2 4
Shots
1 2 3 T
Rafales 11 17 16 44
Thunder 9 9 6 24

1st period

1. Thunder , David Wolf 22 (Eric Fehr 54, Dany Roussin 50) at 14:02 (SH)
2. Rafales , Nathan Davis 24 (Andrew Shaw 65) at 14:10 (PP)

Penalties :
Jordan Weal (TRO) for Hooking (Minor) at 12:56

2nd period

3. Rafales , Nathan Davis 25 (Andrew Shaw 66, Chris Terry 19) at 4:31
4. Thunder , Trevor Lewis 19 (Gianluca Curcuruto 8, Dany Roussin 51) at 5:38
5. Rafales , Jayson Megna 10 (Borna Rendulic 9, Tim Crowder 19) at 9:24
6. Rafales , Chris Terry 18 (Nathan Davis 35, Andrew Shaw 67) at 14:06 (PP)
7. Rafales , Joe Labate 6 (James Marcou 8, Bruno Gervais 30) at 19:41

Penalties :
Derek Forbort (TRO) for Tripping (Minor) at 13:29

3rd period

8. Thunder , David Wolf 23 (Trevor Lewis 26) at 9:12
9. Thunder , Austin Wuthrich 15 (Mike Hoffman 5, Zach Stepan 20) at 16:06 (PP)
10. Rafales , Andrew Shaw 40 (Nathan Davis 36, Connor Murphy 37) at 19:26 (PP)

Penalties :
Nathan Davis (Stf) for Goalie Interference (Minor) at 2:26, Dylan McIlrath (Stf) for Tripping (Minor) at 16:02, Joey Ryan (TRO) for Holding (Minor) at 16:41, Dany Roussin (TRO) for Hooking (Minor) at 19:10, Mike Hoffman (TRO) for Roughing (Double Minor) at 19:48

Goalie Stats

Leland Irving (Stf), 20 saves from 24 shots - (0.833), W, 17-15-3, 60:00 minutes
Niklas Treutle (TRO), 38 saves from 44 shots - (0.864), L, 16-25-5, 59:34 minutes

Players Stats for Rafales

Player Name              G  A  P  +/- PIM S  H  SB GA TA FO     MP     PP MP  PK MP  
------------------------------------------------------------------------------------
Akim Aliu                0  0  0   0  0   0  0  0  0  0  0/0     0:42   0:02   0:00 
Andrew Shaw              1  3  4  -1  0   8  4  0  2  2  2/3    22:55   2:52   0:59 
Ben Johnson              0  0  0   0  0   0  0  0  0  0  0/0     1:42   0:00   0:44 
Ben Sexton               0  0  0   0  0   0  0  0  0  0  0/0     0:44   0:00   0:44 
Ben Thomson              0  0  0  -1  0   2  2  0  0  0  0/0    16:37   1:23   0:40 
Borna Rendulic           0  1  1   1  0   1  0  0  2  2  0/0    11:34   0:02   0:00 
Brad Ross                0  0  0   1  0   1  0  0  0  0  0/0     9:10   0:00   0:51 
Bruno Gervais            0  1  1   0  0   0  1  4  0  1  0/0    29:30   3:07   1:14 
Chris Terry              1  1  2  -1  0   1  1  0  1  0  1/1    21:56   2:52   0:00 
Connor Murphy            0  1  1   0  0   4  1  0  0  0  0/0    29:30   3:07   1:14 
David Broll              0  0  0   0  0   0  0  0  0  0  0/0     0:00   0:00   0:00 
Dylan McIlrath           0  0  0   0  2   1  2  0  0  1  0/0    18:41   1:10   0:45 
James Marcou             0  1  1   1  0   2  1  0  1  0  0/1     8:19   0:00   0:00 
Jayson Megna             1  0  1   1  0   1  0  0  0  0  3/8    11:23   0:00   0:00 
Joe Labate               1  0  1   1  0   4  0  0  0  0  1/1     8:19   0:00   0:00 
Joey Laleggia            0  0  0   0  0   0  2  0  0  1  0/0    11:44   0:00   0:00 
Julian Melchiori         0  0  0   0  0   4  0  0  1  1  0/0    18:46   1:10   0:49 
Kevin Veilleux           0  0  0  -1  0   5  0  0  1  1  6/11   15:14   1:23   0:04 
Nathan Davis             2  2  4  -1  2   8  2  0  1  0  19/38  22:33   2:52   0:00 
Ryan Bourque             0  0  0   0  0   0  0  0  0  0  0/0     0:11   0:02   0:00 
Slater Koekkoek          0  0  0   0  0   0  0  0  0  0  0/0    11:48   0:00   0:04 
Tim Crowder              0  1  1  -1  0   2  0  0  2  0  0/2    15:14   1:23   0:04 
Tyrell Goulbourne        0  0  0   1  0   0  1  0  0  0  0/0    11:23   0:00   0:00 

Players Stats for Thunder

Player Name              G  A  P  +/- PIM S  H  SB GA TA FO     MP     PP MP  PK MP  
------------------------------------------------------------------------------------
Artur Gavrus             0  0  0   0  0   0  0  0  0  0  0/0     0:00   0:00   0:00 
Austin Poganski          0  0  0   0  0   0  0  1  0  1  0/1    12:58   0:00   0:00 
Austin Wuthrich          1  0  1  -1  0   1  2  0  0  2  1/2    17:18   0:57   0:00 
Colby Cave               0  0  0   0  0   0  0  0  0  0  0/0     0:00   0:00   0:00 
Dany Roussin             0  2  2   1  2   1  2  1  0  1  1/2    21:10   1:03   2:45 
David Wolf               2  0  2   1  0   8  0  1  3  0  0/0    13:43   0:00   0:45 
Derek Forbort            0  0  0   1  2   1  2  1  0  0  0/0    19:54   0:46   1:12 
Emil Johansson           0  0  0   0  0   0  1  0  0  1  0/0    12:54   0:00   1:00 
Eric Fehr                0  1  1   0  0   2  1  1  1  0  4/6    26:38   1:03   3:01 
Gianluca Curcuruto       0  1  1   2  0   1  2  3  0  0  0/0    19:03   0:46   0:45 
Jamie McGinn             0  0  0  -1  0   0  1  3  0  0  1/1     6:44   0:00   0:00 
Jarrod Maidens           0  0  0   0  0   0  0  0  0  0  0/0     0:00   0:00   0:00 
Jesper Pettersson        0  0  0   0  0   0  0  1  0  0  0/0    11:54   0:00   0:00 
Joey Ryan                0  0  0  -1  2   1  2  1  0  2  0/0    27:01   1:17   2:05 
Jordan Weal              0  0  0   0  2   0  2  1  0  0  4/8    13:10   0:00   0:13 
Mackenze Stewart         0  0  0  -1  0   0  0  0  0  0  0/0     4:58   0:00   0:27 
Michael Schumacher       0  0  0   0  0   0  0  0  0  0  0/0     0:53   0:00   0:44 
Mike Hoffman             0  1  1   0  4   3  1  0  3  2  1/1    18:40   1:00   1:06 
Nikolay Prokhorkin       0  0  0   0  0   0  1  0  0  0  0/0     1:41   0:03   0:00 
Peter Andersson          0  0  0  -1  0   0  1  2  1  2  0/0    24:23   1:17   3:05 
Trevor Lewis             1  1  2   1  0   3  0  0  0  0  17/30  18:26   1:03   0:00 
Vincent Dunn             0  0  0  -1  0   0  0  0  0  0  1/3     6:44   0:00   0:00 
Zach Stepan              0  1  1  -1  0   3  1  0  1  0  3/11   17:26   1:00   0:00 

3 Stars

1 - Andrew Shaw (Stf)
2 - Nathan Davis (Stf)
3 - David Wolf (TRO)

Power Play

Rafales - 3 on 6 Attempt(s) - 50.00%
Thunder - 1 on 2 Attempt(s) - 50.00%

Penalty Kill

Rafales - 1 on 2 Attempt(s) - 50.00% - Score 0 goal in Penalty Kill
Thunder - 3 on 6 Attempt(s) - 50.00% - Score 1 goal in Penalty Kill

Team Stat

Rafales - Hits : 17 - Faceoff Wins : 32 - Blocked Shots : 4 - Penalty Minutes : 4
Thunder - Hits : 19 - Faceoff Wins : 33 - Blocked Shots : 16 - Penalty Minutes : 12

Official

Referees : Unknown
Linesman : Unknown

Game Notes

No Game Note

Finance

Level 1 -- Attendance: 1341 (67.05%) -- Ticket Income $53,640
Level 2 -- Attendance: 611 (61.10%) -- Ticket Income $12,220
Total Attendance: 1952 (65.07%)
Total Ticket Income: $65,860
Other Income: $3,293
Total Income: $69,153

Rafales

5 vs 5 Forward 
   Center                   Left Wing                Right Wing               Time % Phy DF OF 
 1 Nathan Davis             Chris Terry              Andrew Shaw              40     1   2  2  
 2 Kevin Veilleux           Ben Thomson              Tim Crowder              30     1   2  2  
 3 Jayson Megna             Tyrell Goulbourne        Borna Rendulic           20     1   2  2  
 4 Joe Labate               Brad Ross                James Marcou             10     1   2  2  

5 vs 5 Defense 
   Defense                  Defense                                           Time % Phy DF OF 
 1 Connor Murphy            Bruno Gervais                                     40     1   2  2  
 2 Julian Melchiori         Dylan McIlrath                                    30     1   2  2  
 3 Joey Laleggia            Slater Koekkoek                                   20     1   2  2  
 4 Connor Murphy            Bruno Gervais                                     10     1   2  2  

PowerPlay Forward 
   Center                   Left Wing                Right Wing               Time % Phy DF OF 
 1 Nathan Davis             Chris Terry              Andrew Shaw              60     1   2  2  
 2 Kevin Veilleux           Ben Thomson              Tim Crowder              40     1   2  2  

PowerPlay Defense
   Defense                  Defense                                           Time % Phy DF OF 
 1 Connor Murphy            Bruno Gervais                                     60     1   2  2  
 2 Julian Melchiori         Dylan McIlrath                                    40     1   2  2  

Penalty Kill 4 Players Forward 
   Center                   Wing                     Time % Phy DF OF 
 1 Andrew Shaw              Nathan Davis             60     1   2  2  
 2 Tim Crowder              Kevin Veilleux           40     1   2  2  

Penalty Kill 4 Players Defense
   Defense                  Defense                  Time % Phy DF OF 
 1 Connor Murphy            Bruno Gervais            60     1   2  2  
 2 Julian Melchiori         Dylan McIlrath           40     1   2  2  

Penalty Kill - 3 Players Forward 
   Forward                                           Time % Phy DF OF 
 1 Andrew Shaw                                       60     1   2  2  
 2 Nathan Davis                                      40     1   2  2  

Penalty Kill - 3 Players Defense
   Defense                  Defense                  Time % Phy DF OF 
 1 Connor Murphy            Bruno Gervais            60     1   2  2  
 2 Julian Melchiori         Dylan McIlrath           40     1   2  2  

4 vs 4 Forward 
   Center                   Wing                     Time % Phy DF OF 
 1 Andrew Shaw              Nathan Davis             60     1   2  2  
 2 Tim Crowder              Kevin Veilleux           40     1   2  2  

4 vs 4 Defense
   Defense                  Defense                  Time % Phy DF OF 
 1 Connor Murphy            Bruno Gervais            60     1   2  2  
 2 Julian Melchiori         Dylan McIlrath           40     1   2  2  

Last Minutes Offensive
   Center                   Left Wing                Right Wing               Defense                  Defense                  
   Nathan Davis             Chris Terry              Andrew Shaw              Connor Murphy            Bruno Gervais            

Last Minutes Defensive
   Center                   Left Wing                Right Wing               Defense                  Defense                  
   Nathan Davis             Chris Terry              Andrew Shaw              Connor Murphy            Bruno Gervais            

Goaltenders
Starting : Leland Irving            
Backup : Jake Allen               

Extra Forwards
Normal : Akim Aliu, Ryan Bourque, Ben Johnson - PP : Akim Aliu, Ryan Bourque - PK : Ben Johnson
Extra Defensemen
Normal : Joey Laleggia, Slater Koekkoek, Julian Melchiori - PP : Joey Laleggia - PK : Slater Koekkoek, Julian Melchiori
Penalty Shots
Andrew Shaw, Nathan Davis, Tim Crowder, Kevin Veilleux, Chris Terry

Scratches
Brian Ferlin (Healthy), Carl Klingberg (Healthy), Maksim Mayorov (Broken Right Foot Toe Injury), Chris Driedger (Healthy), Sean Maguire (Healthy)

Thunder

5 vs 5 Forward 
   Center                   Left Wing                Right Wing               Time % Phy DF OF 
 1 Trevor Lewis             Dany Roussin             Eric Fehr                40     1   2  2  
 2 Zach Stepan              Mike Hoffman             Austin Wuthrich          30     1   2  2  
 3 Jordan Weal              David Wolf               Austin Poganski          20     1   2  2  
 4 Vincent Dunn             Jamie McGinn             Eric Fehr                10     1   2  2  

5 vs 5 Defense 
   Defense                  Defense                                           Time % Phy DF OF 
 1 Joey Ryan                Peter Andersson                                   40     1   2  2  
 2 Derek Forbort            Gianluca Curcuruto                                30     1   2  2  
 3 Jesper Pettersson        Emil Johansson                                    20     1   2  2  
 4 Mackenze Stewart         Joey Ryan                                         10     1   2  2  

PowerPlay Forward 
   Center                   Left Wing                Right Wing               Time % Phy DF OF 
 1 Trevor Lewis             Dany Roussin             Eric Fehr                60     1   2  2  
 2 Zach Stepan              Mike Hoffman             Austin Wuthrich          40     1   2  2  

PowerPlay Defense
   Defense                  Defense                                           Time % Phy DF OF 
 1 Joey Ryan                Peter Andersson                                   60     1   2  2  
 2 Derek Forbort            Gianluca Curcuruto                                40     1   2  2  

Penalty Kill 4 Players Forward 
   Center                   Wing                     Time % Phy DF OF 
 1 Eric Fehr                Dany Roussin             60     1   2  2  
 2 Mike Hoffman             David Wolf               40     1   2  2  

Penalty Kill 4 Players Defense
   Defense                  Defense                  Time % Phy DF OF 
 1 Joey Ryan                Peter Andersson          60     1   2  2  
 2 Derek Forbort            Gianluca Curcuruto       40     1   2  2  

Penalty Kill - 3 Players Forward 
   Forward                                           Time % Phy DF OF 
 1 Eric Fehr                                         60     1   2  2  
 2 Dany Roussin                                      40     1   2  2  

Penalty Kill - 3 Players Defense
   Defense                  Defense                  Time % Phy DF OF 
 1 Joey Ryan                Peter Andersson          60     1   2  2  
 2 Derek Forbort            Gianluca Curcuruto       40     1   2  2  

4 vs 4 Forward 
   Center                   Wing                     Time % Phy DF OF 
 1 Eric Fehr                Dany Roussin             60     1   2  2  
 2 Mike Hoffman             David Wolf               40     1   2  2  

4 vs 4 Defense
   Defense                  Defense                  Time % Phy DF OF 
 1 Joey Ryan                Peter Andersson          60     1   2  2  
 2 Derek Forbort            Gianluca Curcuruto       40     1   2  2  

Last Minutes Offensive
   Center                   Left Wing                Right Wing               Defense                  Defense                  
   Trevor Lewis             Dany Roussin             Eric Fehr                Joey Ryan                Peter Andersson          

Last Minutes Defensive
   Center                   Left Wing                Right Wing               Defense                  Defense                  
   Trevor Lewis             Dany Roussin             Eric Fehr                Joey Ryan                Peter Andersson          

Goaltenders
Starting : Niklas Treutle           
Backup : Jussi Rynnas             

Extra Forwards
Normal : Nikolay Prokhorkin, Colby Cave, Michael Schumacher - PP : Nikolay Prokhorkin, Colby Cave - PK : Michael Schumacher
Extra Defensemen
Normal : Jesper Pettersson, Emil Johansson, Mackenze Stewart - PP : Jesper Pettersson - PK : Emil Johansson, Mackenze Stewart
Penalty Shots
Eric Fehr, Dany Roussin, Mike Hoffman, David Wolf, Trevor Lewis

Scratches
Mikko Vainonen (Right Eye Injury), Mason McDonald (Healthy)

% Time on Ice - Rafales

Lines # - Real PCT - Wanted PCT - Time Play
Normal Forward
1 - 37% - 40% - 19:50
2 - 26% - 30% - 13:47
3 - 21% - 20% - 11:23
4 - 16% - 10% - 8:19
Normal Defense
1 - 39% - 40% - 21:02
2 - 31% - 30% - 16:47
3 - 22% - 20% - 11:44
4 - 7% - 10% - 3:46
PP Forward
1 - 68% - 60% - 2:54
2 - 32% - 40% - 1:23
PP Defense
1 - 73% - 60% - 3:07
2 - 27% - 40% - 1:10
PK Forward
1 - 97% - 60% - 1:59
2 - 3% - 40% - 0:04
PK Defense
1 - 60% - 60% - 1:14
2 - 40% - 40% - 0:49
PK3 Forward
1 - 0% - 60%
2 - 0% - 40%
PK3 Defense
1 - 0% - 60%
2 - 0% - 40%
44 Forward
1 - 0% - 60%
2 - 0% - 40%
44 Defense
1 - 0% - 60%
2 - 0% - 40%
Last Minute Offensive  - 0:00
Last Minute Defensive  - 0:21
Total
Forward - 60:00
Defense - 60:00

% Time on Ice - Thunder

Lines # - Real PCT - Wanted PCT - Time Play
Normal Forward
1 - 32% - 40% - 17:11
2 - 31% - 30% - 16:26
3 - 24% - 20% - 12:58
4 - 13% - 10% - 6:44
Normal Defense
1 - 37% - 40% - 19:49
2 - 33% - 30% - 17:32
3 - 22% - 20% - 11:54
4 - 8% - 10% - 4:04
PP Forward
1 - 51% - 60% - 1:03
2 - 49% - 40% - 1:00
PP Defense
1 - 63% - 60% - 1:17
2 - 37% - 40% - 0:46
PK Forward
1 - 86% - 60% - 3:42
2 - 14% - 40% - 0:35
PK Defense
1 - 82% - 60% - 3:32
2 - 18% - 40% - 0:45
PK3 Forward
1 - 0% - 60%
2 - 0% - 40%
PK3 Defense
1 - 0% - 60%
2 - 0% - 40%
44 Forward
1 - 0% - 60%
2 - 0% - 40%
44 Defense
1 - 0% - 60%
2 - 0% - 40%
Last Minute Offensive  - 0:21
Last Minute Defensive  - 0:00
Total
Forward - 60:00
Defense - 60:00

Play-by-Play

1st period


0:01 of 1st period - Trevor Lewis wins face-off versus Nathan Davis in neutral zone.
0:26 of 1st period - Connor Murphy is hit by Zach Stepan and loses puck.
0:35 of 1st period - Wrist shot by Ben Thomson.
0:35 of 1st period - Stopped by Niklas Treutle with a rebound.
1:07 of 1st period - Joey Laleggia is hit by Jamie McGinn and loses puck.
1:27 of 1st period - Nathan Davis is hit by Austin Wuthrich and loses puck.
1:46 of 1st period - Snap shot by Ben Thomson.
1:46 of 1st period - Shot Misses the Net.
1:48 of 1st period - Wrist shot by Slater Koekkoek.
1:48 of 1st period - Shot Misses the Net.
2:56 of 1st period - Ben Thomson is hit by Nikolay Prokhorkin and loses puck.
3:22 of 1st period - Snap shot by Connor Murphy.
3:22 of 1st period - Stopped by Niklas Treutle with a rebound.
3:37 of 1st period - Snap shot by Connor Murphy.
3:37 of 1st period - Shot Misses the Net.
3:39 of 1st period - Snap shot by Bruno Gervais.
3:39 of 1st period - Deflect By Andrew Shaw.
3:39 of 1st period - Shot Misses the Net.
3:39 of 1st period - Puck is out of play.
3:40 of 1st period - Jordan Weal wins face-off versus Nathan Davis in Thunder zone.
3:45 of 1st period - Andrew Shaw is hit by Gianluca Curcuruto and loses puck.
3:52 of 1st period - Slapshot by Julian Melchiori.
3:52 of 1st period - Shot Blocked by Derek Forbort.
3:54 of 1st period - Snap shot by Nathan Davis.
3:54 of 1st period - Shot Misses the Net.
3:56 of 1st period - Snap shot by Chris Terry.
3:56 of 1st period - Shot Misses the Net.
4:08 of 1st period - Slapshot by David Wolf.
4:08 of 1st period - Deflect By Trevor Lewis.
4:08 of 1st period - Stopped by Leland Irving without a rebound.
4:09 of 1st period - Trevor Lewis wins face-off versus Kevin Veilleux in Rafales zone.
4:20 of 1st period - Wrist shot by Eric Fehr.
4:20 of 1st period - Shot Misses the Net.
4:41 of 1st period - Wrist shot by Kevin Veilleux.
4:41 of 1st period - Stopped by Niklas Treutle without a rebound.
4:42 of 1st period - Trevor Lewis wins face-off versus Nathan Davis in Thunder zone.
4:42 of 1st period - Trevor Lewis is hit by Andrew Shaw.
4:54 of 1st period - Snap shot by Nathan Davis.
4:54 of 1st period - Shot Misses the Net.
5:05 of 1st period - Icing by Derek Forbort.
5:06 of 1st period - Jayson Megna wins face-off versus Trevor Lewis in Thunder zone.
5:18 of 1st period - Off-side.
5:19 of 1st period - Nathan Davis wins face-off versus Zach Stepan in neutral zone.
5:34 of 1st period - Snap shot by Andrew Shaw.
5:34 of 1st period - Shot Misses the Net.
6:05 of 1st period - Slapshot by David Wolf.
6:05 of 1st period - Shot Misses the Net.
6:13 of 1st period - Snap shot by David Wolf.
6:13 of 1st period - Stopped by Leland Irving without a rebound.
6:14 of 1st period - Nathan Davis wins face-off versus Trevor Lewis in Rafales zone.
6:59 of 1st period - Off-side.
7:00 of 1st period - Jordan Weal wins face-off versus Jayson Megna in neutral zone.
7:11 of 1st period - Slapshot by Borna Rendulic.
7:11 of 1st period - Shot Blocked by Joey Ryan.
7:13 of 1st period - Wrist shot by Borna Rendulic.
7:13 of 1st period - Stopped by Niklas Treutle without a rebound.
7:14 of 1st period - Trevor Lewis wins face-off versus Nathan Davis in Thunder zone.
7:53 of 1st period - Wrist shot by James Marcou.
7:53 of 1st period - Shot Blocked by Gianluca Curcuruto.
8:14 of 1st period - Snap shot by David Wolf.
8:14 of 1st period - Stopped by Leland Irving without a rebound.
8:15 of 1st period - Trevor Lewis wins face-off versus Nathan Davis in Rafales zone.
8:49 of 1st period - Wrist shot by Jayson Megna.
8:49 of 1st period - Shot Misses the Net.
8:51 of 1st period - Snap shot by Julian Melchiori.
8:51 of 1st period - Stopped by Niklas Treutle without a rebound.
8:52 of 1st period - Kevin Veilleux wins face-off versus Vincent Dunn in Thunder zone.
8:55 of 1st period - Snap shot by Kevin Veilleux.
8:55 of 1st period - Stopped by Niklas Treutle with a rebound.
8:57 of 1st period - Slapshot by Bruno Gervais.
8:57 of 1st period - Shot Blocked by Jamie McGinn.
9:05 of 1st period - Snap shot by Tim Crowder.
9:05 of 1st period - Shot Blocked by Jamie McGinn.
9:07 of 1st period - Wrist shot by Tim Crowder.
9:07 of 1st period - Stopped by Niklas Treutle with a rebound.
9:40 of 1st period - Borna Rendulic is hit by Derek Forbort and loses puck.
10:11 of 1st period - Snap shot by Joe Labate.
10:11 of 1st period - Shot Misses the Net.
10:21 of 1st period - Zach Stepan is hit by Dylan McIlrath and loses puck.
10:28 of 1st period - Wrist shot by Kevin Veilleux.
10:28 of 1st period - Stopped by Niklas Treutle without a rebound.
10:29 of 1st period - Nathan Davis wins face-off versus Jordan Weal in Thunder zone.
11:37 of 1st period - Slapshot by James Marcou.
11:37 of 1st period - Stopped by Niklas Treutle with a rebound.
11:39 of 1st period - Slapshot by Julian Melchiori.
11:39 of 1st period - Shot Misses the Net.
12:01 of 1st period - Snap shot by David Wolf.
12:01 of 1st period - Stopped by Leland Irving with a rebound.
12:03 of 1st period - Snap shot by David Wolf.
12:03 of 1st period - Stopped by Leland Irving with a rebound.
12:19 of 1st period - Ben Thomson is hit by Austin Wuthrich and loses puck.
12:56 of 1st period - Minor Penalty to Jordan Weal for Hooking.
12:57 of 1st period - Eric Fehr wins face-off versus Andrew Shaw in Thunder zone.
14:02 of 1st period - Slapshot by David Wolf.
14:02 of 1st period - Goal by David Wolf - Rafales : 0 - Thunder : 1.
14:03 of 1st period - Nathan Davis wins face-off versus Eric Fehr in neutral zone.
14:10 of 1st period - Snap shot by Nathan Davis.
14:10 of 1st period - Goal by Nathan Davis - Rafales : 1 - Thunder : 1.
14:11 of 1st period - Nathan Davis wins face-off versus Trevor Lewis in neutral zone.
14:22 of 1st period - Wrist shot by Andrew Shaw.
14:22 of 1st period - Shot Misses the Net.
14:26 of 1st period - Snap shot by Andrew Shaw.
14:26 of 1st period - Stopped by Niklas Treutle with a rebound.
14:36 of 1st period - Ben Thomson is hit by Mike Hoffman and loses puck.
14:42 of 1st period - Icing by Bruno Gervais.
14:43 of 1st period - Kevin Veilleux wins face-off versus Zach Stepan in Rafales zone.
14:52 of 1st period - Slapshot by Mike Hoffman.
14:52 of 1st period - Stopped by Leland Irving without a rebound.
14:53 of 1st period - Nathan Davis wins face-off versus Trevor Lewis in Rafales zone.
15:45 of 1st period - Connor Murphy is hit by Jordan Weal.
16:08 of 1st period - Snap shot by Mike Hoffman.
16:08 of 1st period - Shot Misses the Net.
16:10 of 1st period - Slapshot by Joey Ryan.
16:10 of 1st period - Deflect By Connor Murphy.
16:10 of 1st period - Stopped by Leland Irving with a rebound.
17:29 of 1st period - Snap shot by Eric Fehr.
17:29 of 1st period - Deflect By Dany Roussin.
17:29 of 1st period - Stopped by Leland Irving with a rebound.
19:06 of 1st period - Mike Hoffman is hit by Andrew Shaw and loses puck.
19:15 of 1st period - Bruno Gervais is hit by Peter Andersson and loses puck.
19:28 of 1st period - Ben Thomson is hit by Derek Forbort and loses puck.
Goals for this period are 1 for Rafales vs 1 for Thunder.
Shots for this period are 11 for Rafales vs 9 for Thunder.

2nd period


0:01 of 2nd period - Andrew Shaw wins face-off versus Trevor Lewis in neutral zone.
0:06 of 2nd period - Slapshot by Connor Murphy.
0:06 of 2nd period - Deflect By Nathan Davis.
0:06 of 2nd period - Shot Misses the Net.
0:06 of 2nd period - Puck is out of play.
0:07 of 2nd period - Trevor Lewis wins face-off versus Nathan Davis in Thunder zone.
0:35 of 2nd period - Wrist shot by Mike Hoffman.
0:35 of 2nd period - Shot Misses the Net.
0:37 of 2nd period - Snap shot by Mike Hoffman.
0:37 of 2nd period - Shot Misses the Net.
0:39 of 2nd period - Snap shot by Zach Stepan.
0:39 of 2nd period - Stopped by Leland Irving with a rebound.
0:41 of 2nd period - Snap shot by Zach Stepan.
0:41 of 2nd period - Shot Misses the Net.
0:43 of 2nd period - Snap shot by Zach Stepan.
0:43 of 2nd period - Stopped by Leland Irving with a rebound.
2:07 of 2nd period - Ben Thomson is hit by Eric Fehr.
2:17 of 2nd period - Snap shot by Ben Thomson.
2:17 of 2nd period - Shot Misses the Net.
2:26 of 2nd period - Icing by Kevin Veilleux.
2:27 of 2nd period - Jordan Weal wins face-off versus Kevin Veilleux in Rafales zone.
3:12 of 2nd period - Snap shot by Eric Fehr.
3:12 of 2nd period - Stopped by Leland Irving with a rebound.
3:18 of 2nd period - Wrist shot by Trevor Lewis.
3:18 of 2nd period - Shot Misses the Net.
4:25 of 2nd period - Snap shot by Mike Hoffman.
4:25 of 2nd period - Stopped by Leland Irving without a rebound.
4:26 of 2nd period - Nathan Davis wins face-off versus Zach Stepan in Rafales zone.
4:31 of 2nd period - Wrist shot by Nathan Davis.
4:31 of 2nd period - Goal by Nathan Davis - Rafales : 2 - Thunder : 1.
4:32 of 2nd period - Trevor Lewis wins face-off versus Nathan Davis in neutral zone.
4:34 of 2nd period - Off-side.
4:35 of 2nd period - Nathan Davis wins face-off versus Trevor Lewis in neutral zone.
5:28 of 2nd period - Icing by Bruno Gervais.
5:29 of 2nd period - Trevor Lewis wins face-off versus Jayson Megna in Rafales zone.
5:30 of 2nd period - Snap shot by Eric Fehr.
5:30 of 2nd period - Shot Blocked by Bruno Gervais.
5:32 of 2nd period - Snap shot by Trevor Lewis.
5:32 of 2nd period - Stopped by Leland Irving without a rebound.
5:33 of 2nd period - Trevor Lewis wins face-off versus Nathan Davis in Rafales zone.
5:34 of 2nd period - Snap shot by Dany Roussin.
5:34 of 2nd period - Shot Misses the Net.
5:36 of 2nd period - Slapshot by Gianluca Curcuruto.
5:36 of 2nd period - Stopped by Leland Irving with a rebound.
5:38 of 2nd period - Snap shot by Trevor Lewis.
5:38 of 2nd period - Goal by Trevor Lewis - Rafales : 2 - Thunder : 2.
5:39 of 2nd period - Nathan Davis wins face-off versus Trevor Lewis in neutral zone.
6:05 of 2nd period - Zach Stepan is hit by Ben Thomson.
6:29 of 2nd period - Slapshot by Connor Murphy.
6:29 of 2nd period - Shot Misses the Net.
6:31 of 2nd period - Slapshot by Bruno Gervais.
6:31 of 2nd period - Shot Blocked by Austin Poganski.
6:33 of 2nd period - Snap shot by Tyrell Goulbourne.
6:33 of 2nd period - Shot Blocked by Jordan Weal.
6:35 of 2nd period - Snap shot by Tyrell Goulbourne.
6:35 of 2nd period - Shot Misses the Net.
6:49 of 2nd period - Wrist shot by Joe Labate.
6:49 of 2nd period - Shot Misses the Net.
6:55 of 2nd period - Slapshot by James Marcou.
6:55 of 2nd period - Shot Blocked by Gianluca Curcuruto.
7:22 of 2nd period - Icing by Eric Fehr.
7:23 of 2nd period - Trevor Lewis wins face-off versus Kevin Veilleux in Thunder zone.
8:07 of 2nd period - Tyrell Goulbourne is hit by Dany Roussin and loses puck.
8:35 of 2nd period - Snap shot by James Marcou.
8:35 of 2nd period - Stopped by Niklas Treutle with a rebound.
9:24 of 2nd period - Snap shot by Jayson Megna.
9:24 of 2nd period - Goal by Jayson Megna - Rafales : 3 - Thunder : 2.
9:25 of 2nd period - Eric Fehr wins face-off versus Nathan Davis in neutral zone.
9:33 of 2nd period - Icing by Chris Terry.
9:34 of 2nd period - Trevor Lewis wins face-off versus Nathan Davis in Rafales zone.
9:52 of 2nd period - Slapshot by Nathan Davis.
9:52 of 2nd period - Shot Blocked by Peter Andersson.
9:54 of 2nd period - Snap shot by Andrew Shaw.
9:54 of 2nd period - Stopped by Niklas Treutle with a rebound.
9:56 of 2nd period - Snap shot by Nathan Davis.
9:56 of 2nd period - Stopped by Niklas Treutle without a rebound.
9:57 of 2nd period - Kevin Veilleux wins face-off versus Zach Stepan in Thunder zone.
10:08 of 2nd period - Wrist shot by Kevin Veilleux.
10:08 of 2nd period - Stopped by Niklas Treutle without a rebound.
10:09 of 2nd period - Nathan Davis wins face-off versus Trevor Lewis in Thunder zone.
10:23 of 2nd period - Slapshot by Andrew Shaw.
10:23 of 2nd period - Stopped by Niklas Treutle without a rebound.
10:24 of 2nd period - Trevor Lewis wins face-off versus Kevin Veilleux in Thunder zone.
10:29 of 2nd period - Tim Crowder is hit by Joey Ryan and loses puck.
10:49 of 2nd period - Austin Wuthrich is hit by Connor Murphy and loses puck.
11:34 of 2nd period - Slapshot by Julian Melchiori.
11:34 of 2nd period - Deflect By Eric Fehr.
11:34 of 2nd period - Stopped by Niklas Treutle with a rebound.
11:36 of 2nd period - Wrist shot by Julian Melchiori.
11:36 of 2nd period - Shot Misses the Net.
12:30 of 2nd period - Jordan Weal is hit by Joey Laleggia.
13:02 of 2nd period - Snap shot by Joe Labate.
13:02 of 2nd period - Stopped by Niklas Treutle without a rebound.
13:03 of 2nd period - Zach Stepan wins face-off versus James Marcou in Thunder zone.
13:08 of 2nd period - Wrist shot by Zach Stepan.
13:08 of 2nd period - Shot Blocked by Bruno Gervais.
13:10 of 2nd period - Snap shot by Zach Stepan.
13:10 of 2nd period - Stopped by Leland Irving without a rebound.
13:11 of 2nd period - Nathan Davis wins face-off versus Zach Stepan in Rafales zone.
13:29 of 2nd period - Minor Penalty to Derek Forbort for Tripping.
13:30 of 2nd period - Nathan Davis wins face-off versus Eric Fehr in Thunder zone.
13:44 of 2nd period - Snap shot by Andrew Shaw.
13:44 of 2nd period - Stopped by Niklas Treutle with a rebound.
14:04 of 2nd period - Slapshot by Nathan Davis.
14:04 of 2nd period - Stopped by Niklas Treutle with a rebound.
14:06 of 2nd period - Wrist shot by Chris Terry.
14:06 of 2nd period - Goal by Chris Terry - Rafales : 4 - Thunder : 2.
14:07 of 2nd period - Kevin Veilleux wins face-off versus Zach Stepan in neutral zone.
14:18 of 2nd period - Wrist shot by Kevin Veilleux.
14:18 of 2nd period - Stopped by Niklas Treutle with a rebound.
14:53 of 2nd period - Wrist shot by David Wolf.
14:53 of 2nd period - Stopped by Leland Irving without a rebound.
14:54 of 2nd period - Jordan Weal wins face-off versus Tim Crowder in Rafales zone.
14:57 of 2nd period - Snap shot by Jordan Weal.
14:57 of 2nd period - Deflect By Austin Poganski.
14:57 of 2nd period - Shot Misses the Net.
14:57 of 2nd period - Puck is out of play.
14:58 of 2nd period - Kevin Veilleux wins face-off versus Austin Poganski in Rafales zone.
15:10 of 2nd period - Icing by David Wolf.
15:11 of 2nd period - Nathan Davis wins face-off versus Jordan Weal in Thunder zone.
15:18 of 2nd period - Snap shot by Andrew Shaw.
15:18 of 2nd period - Stopped by Niklas Treutle with a rebound.
15:21 of 2nd period - Icing by Jesper Pettersson.
15:22 of 2nd period - Nathan Davis wins face-off versus Jordan Weal in Thunder zone.
15:35 of 2nd period - Slapshot by David Wolf.
15:35 of 2nd period - Deflect By Austin Poganski.
15:35 of 2nd period - Shot Misses the Net.
15:35 of 2nd period - Puck is out of play.
15:36 of 2nd period - Nathan Davis wins face-off versus Trevor Lewis in Rafales zone.
15:36 of 2nd period - Nathan Davis is hit by Dany Roussin.
16:32 of 2nd period - Backhand shot by James Marcou.
16:32 of 2nd period - Shot Misses the Net.
16:34 of 2nd period - Snap shot by James Marcou.
16:34 of 2nd period - Deflect By Joe Labate.
16:34 of 2nd period - Shot Misses the Net.
16:34 of 2nd period - Puck is out of play.
16:35 of 2nd period - Nathan Davis wins face-off versus Trevor Lewis in Thunder zone.
16:38 of 2nd period - Wrist shot by Nathan Davis.
16:38 of 2nd period - Stopped by Niklas Treutle without a rebound.
16:39 of 2nd period - Trevor Lewis wins face-off versus Nathan Davis in Thunder zone.
16:39 of 2nd period - Trevor Lewis is hit by Nathan Davis.
16:47 of 2nd period - Wrist shot by Eric Fehr.
16:47 of 2nd period - Shot Misses the Net.
17:33 of 2nd period - David Wolf is hit by Tyrell Goulbourne and loses puck.
18:54 of 2nd period - Backhand shot by Tyrell Goulbourne.
18:54 of 2nd period - Deflect By Jayson Megna.
18:54 of 2nd period - Shot Blocked by Eric Fehr.
18:54 of 2nd period - Puck is out of play.
18:55 of 2nd period - Vincent Dunn wins face-off versus Jayson Megna in Thunder zone.
19:41 of 2nd period - Wrist shot by Joe Labate.
19:41 of 2nd period - Goal by Joe Labate - Rafales : 5 - Thunder : 2.
19:42 of 2nd period - Chris Terry wins face-off versus Trevor Lewis in neutral zone.
19:47 of 2nd period - Snap shot by Andrew Shaw.
19:47 of 2nd period - Stopped by Niklas Treutle with a rebound.
Goals for this period are 4 for Rafales vs 1 for Thunder.
Shots for this period are 17 for Rafales vs 9 for Thunder.

3rd period


0:01 of 3rd period - Nathan Davis wins face-off versus Dany Roussin in neutral zone.
0:16 of 3rd period - Snap shot by Nathan Davis.
0:16 of 3rd period - Shot Misses the Net.
0:34 of 3rd period - Snap shot by Mike Hoffman.
0:34 of 3rd period - Shot Misses the Net.
0:36 of 3rd period - Snap shot by Mike Hoffman.
0:36 of 3rd period - Stopped by Leland Irving without a rebound.
0:37 of 3rd period - Zach Stepan wins face-off versus Kevin Veilleux in Rafales zone.
1:02 of 3rd period - Andrew Shaw is hit by Gianluca Curcuruto and loses puck.
1:11 of 3rd period - Andrew Shaw is hit by Emil Johansson and loses puck.
1:46 of 3rd period - Wrist shot by Eric Fehr.
1:46 of 3rd period - Stopped by Leland Irving without a rebound.
1:47 of 3rd period - Joe Labate wins face-off versus Vincent Dunn in Rafales zone.
1:52 of 3rd period - Peter Andersson is hit by Joey Laleggia and loses puck.
1:59 of 3rd period - Wrist shot by Brad Ross.
1:59 of 3rd period - Shot Misses the Net.
2:03 of 3rd period - Snap shot by Brad Ross.
2:03 of 3rd period - Stopped by Niklas Treutle without a rebound.
2:04 of 3rd period - Zach Stepan wins face-off versus Nathan Davis in Thunder zone.
2:04 of 3rd period - Zach Stepan is hit by Andrew Shaw.
2:26 of 3rd period - Minor Penalty to Nathan Davis for Goalie Interference.
2:27 of 3rd period - Andrew Shaw wins face-off versus Trevor Lewis in Rafales zone.
4:26 of 3rd period - Penalty to Nathan Davis is over, Nathan Davis is back on ice.
4:47 of 3rd period - Wrist shot by Nathan Davis.
4:47 of 3rd period - Shot Hit the Post.
4:49 of 3rd period - Wrist shot by Nathan Davis.
4:49 of 3rd period - Shot Blocked by David Wolf.
4:53 of 3rd period - Wrist shot by Nathan Davis.
4:53 of 3rd period - Stopped by Niklas Treutle with a rebound.
5:11 of 3rd period - Wrist shot by Nathan Davis.
5:11 of 3rd period - Shot Misses the Net.
5:13 of 3rd period - Wrist shot by Nathan Davis.
5:13 of 3rd period - Stopped by Niklas Treutle with a rebound.
5:15 of 3rd period - Wrist shot by Ben Thomson.
5:15 of 3rd period - Shot Misses the Net.
5:17 of 3rd period - Backhand shot by Ben Thomson.
5:17 of 3rd period - Stopped by Niklas Treutle with a rebound.
5:19 of 3rd period - Slapshot by Julian Melchiori.
5:19 of 3rd period - Stopped by Niklas Treutle with a rebound.
5:21 of 3rd period - Slapshot by Dylan McIlrath.
5:21 of 3rd period - Stopped by Niklas Treutle with a rebound.
5:23 of 3rd period - Slapshot by Dylan McIlrath.
5:23 of 3rd period - Deflect By Nathan Davis.
5:23 of 3rd period - Stopped by Niklas Treutle without a rebound.
5:24 of 3rd period - Jamie McGinn wins face-off versus Jayson Megna in Thunder zone.
5:47 of 3rd period - Zach Stepan is hit by James Marcou and loses puck.
6:00 of 3rd period - Wrist shot by Joe Labate.
6:00 of 3rd period - Stopped by Niklas Treutle with a rebound.
6:40 of 3rd period - Wrist shot by Chris Terry.
6:40 of 3rd period - Deflect By Andrew Shaw.
6:40 of 3rd period - Stopped by Niklas Treutle with a rebound.
6:42 of 3rd period - Snap shot by Andrew Shaw.
6:42 of 3rd period - Shot Blocked by Jesper Pettersson.
6:44 of 3rd period - Snap shot by Andrew Shaw.
6:44 of 3rd period - Shot Blocked by Dany Roussin.
7:00 of 3rd period - Tyrell Goulbourne is hit by Jordan Weal and loses puck.
7:27 of 3rd period - Jamie McGinn is hit by Dylan McIlrath and loses puck.
7:32 of 3rd period - Slapshot by Tim Crowder.
7:32 of 3rd period - Shot Misses the Net.
7:34 of 3rd period - Snap shot by Tim Crowder.
7:34 of 3rd period - Deflect By Kevin Veilleux.
7:34 of 3rd period - Shot Blocked by Jamie McGinn.
7:34 of 3rd period - Puck is out of play.
7:35 of 3rd period - Nathan Davis wins face-off versus Zach Stepan in Thunder zone.
7:42 of 3rd period - Wrist shot by Nathan Davis.
7:42 of 3rd period - Shot Misses the Net.
9:10 of 3rd period - Snap shot by David Wolf.
9:10 of 3rd period - Stopped by Leland Irving with a rebound.
9:12 of 3rd period - Snap shot by David Wolf.
9:12 of 3rd period - Goal by David Wolf - Rafales : 5 - Thunder : 3.
9:13 of 3rd period - Trevor Lewis wins face-off versus Nathan Davis in neutral zone.
10:18 of 3rd period - Off-side.
10:19 of 3rd period - Trevor Lewis wins face-off versus Nathan Davis in neutral zone.
10:30 of 3rd period - Slapshot by Connor Murphy.
10:30 of 3rd period - Stopped by Niklas Treutle with a rebound.
10:32 of 3rd period - Snap shot by Connor Murphy.
10:32 of 3rd period - Stopped by Niklas Treutle with a rebound.
10:34 of 3rd period - Slapshot by Connor Murphy.
10:34 of 3rd period - Stopped by Niklas Treutle with a rebound.
12:14 of 3rd period - Dylan McIlrath is hit by Joey Ryan and loses puck.
13:56 of 3rd period - Wrist shot by Joe Labate.
13:56 of 3rd period - Stopped by Niklas Treutle with a rebound.
13:58 of 3rd period - Slapshot by Connor Murphy.
13:58 of 3rd period - Deflect By Brad Ross.
13:58 of 3rd period - Shot Misses the Net.
13:58 of 3rd period - Puck is out of play.
13:59 of 3rd period - Kevin Veilleux wins face-off versus Jordan Weal in Thunder zone.
14:12 of 3rd period - Snap shot by Tim Crowder.
14:12 of 3rd period - Stopped by Niklas Treutle with a rebound.
14:14 of 3rd period - Snap shot by Kevin Veilleux.
14:14 of 3rd period - Deflect By Ben Thomson.
14:14 of 3rd period - Shot Blocked by Gianluca Curcuruto.
14:14 of 3rd period - Puck is out of play.
14:15 of 3rd period - Trevor Lewis wins face-off versus Nathan Davis in Thunder zone.
14:22 of 3rd period - Slapshot by Derek Forbort.
14:22 of 3rd period - Stopped by Leland Irving without a rebound.
14:23 of 3rd period - Nathan Davis wins face-off versus Trevor Lewis in Rafales zone.
14:49 of 3rd period - Snap shot by Derek Forbort.
14:49 of 3rd period - Shot Misses the Net.
15:34 of 3rd period - Eric Fehr is hit by Nathan Davis.
15:47 of 3rd period - Gianluca Curcuruto is hit by Andrew Shaw and loses puck.
15:56 of 3rd period - Slapshot by Eric Fehr.
15:56 of 3rd period - Deflect By Nathan Davis.
15:56 of 3rd period - Shot Blocked by Bruno Gervais.
15:56 of 3rd period - Puck is out of play.
15:57 of 3rd period - Jayson Megna wins face-off versus Zach Stepan in Rafales zone.
16:02 of 3rd period - Slapshot by Julian Melchiori.
16:02 of 3rd period - Stopped by Niklas Treutle without a rebound.
16:02 of 3rd period - Minor Penalty to Dylan McIlrath for Tripping.
16:03 of 3rd period - Mike Hoffman wins face-off versus Tim Crowder in Rafales zone.
16:06 of 3rd period - Wrist shot by Mike Hoffman.
16:06 of 3rd period - Deflect By Austin Wuthrich.
16:06 of 3rd period - Goal by Austin Wuthrich - Rafales : 5 - Thunder : 4.
16:07 of 3rd period - Jayson Megna wins face-off versus Austin Wuthrich in neutral zone.
16:32 of 3rd period - Jordan Weal is hit by Ben Thomson and loses puck.
16:39 of 3rd period - Snap shot by Tim Crowder.
16:39 of 3rd period - Shot Misses the Net.
16:41 of 3rd period - Minor Penalty to Joey Ryan for Holding.
16:42 of 3rd period - Dany Roussin wins face-off versus Nathan Davis in Thunder zone.
17:07 of 3rd period - Dany Roussin is hit by Bruno Gervais and loses puck.
17:26 of 3rd period - Mike Hoffman is hit by Chris Terry and loses puck.
18:41 of 3rd period - Penalty to Joey Ryan is over, Joey Ryan is back on ice.
18:45 of 3rd period - Thunder, Niklas Treutle is pulled from the net.
18:49 of 3rd period - Snap shot by Joey Ryan.
18:49 of 3rd period - Deflect By Borna Rendulic.
18:49 of 3rd period - Shot Misses the Net.
18:49 of 3rd period - Puck is out of play.
18:50 of 3rd period - Lanne MacDonald call a timeout for Thunder.
18:50 of 3rd period - Trevor Lewis wins face-off versus Nathan Davis in Rafales zone.
19:07 of 3rd period - Slapshot by Dany Roussin.
19:07 of 3rd period - Shot Blocked by Bruno Gervais.
19:09 of 3rd period - Slapshot by Trevor Lewis.
19:09 of 3rd period - Shot Misses the Net.
19:10 of 3rd period - Minor Penalty to Dany Roussin for Hooking.
19:11 of 3rd period - Niklas Treutle from Thunder was sent back in the game.
19:11 of 3rd period - Eric Fehr wins face-off versus Nathan Davis in Thunder zone.
19:24 of 3rd period - Snap shot by Andrew Shaw.
19:24 of 3rd period - Shot Blocked by Peter Andersson.
19:26 of 3rd period - Wrist shot by Andrew Shaw.
19:26 of 3rd period - Goal by Andrew Shaw - Rafales : 6 - Thunder : 4.
19:27 of 3rd period - Austin Wuthrich wins face-off versus Jayson Megna in neutral zone.
19:32 of 3rd period - Snap shot by Mike Hoffman.
19:32 of 3rd period - Shot Misses the Net.
19:38 of 3rd period - Snap shot by Borna Rendulic.
19:38 of 3rd period - Shot Misses the Net.
19:40 of 3rd period - Slapshot by Connor Murphy.
19:40 of 3rd period - Shot Misses the Net.
19:42 of 3rd period - Snap shot by Connor Murphy.
19:42 of 3rd period - Shot Misses the Net.
19:48 of 3rd period - Double Minor Penalty to Mike Hoffman for Roughing.
19:49 of 3rd period - Eric Fehr wins face-off versus Nathan Davis in Thunder zone.
Goals for this period are 1 for Rafales vs 2 for Thunder.
Shots for this period are 16 for Rafales vs 6 for Thunder.